 Dungeon Crawl Stone Soup version 0.22-a0-448-g1fb7470 (webtiles) character file.

197546 Gorice the Fencer (level 18, -15/143 HPs)
             Began as a Demonspawn Wanderer on June 3, 2018.
             Was the Champion of Okawaru.
             Demolished by a merfolk impaler
             ... wielding a +4 vampiric demon trident
              (18 damage)
             ... on level 3 of the Shoals on June 4, 2018.
             The game lasted 04:11:54 (42914 turns).

Gorice the Fencer (Demonspawn Wanderer)            Turns: 42914, Time: 04:11:57

Health: -15/143    AC: 34    Str: 21    XL:     18   Next: 18%
Magic:  24/25      EV: 14    Int: 16    God:    Okawaru [******]
Gold:   1316       SH:  0    Dex: 21    Spells: 15/17 levels left

rFire    . . .     SeeInvis +   a - +5 great sword (freeze)
rCold    . . .     Gourm    .   (shield currently unavailable)
rNeg     . . .     Faith    .   z - +2 plate armour {rPois}
rPois    +         Spirit   .   (helmet unavailable)
rElec    .         Reflect  .   C - +2 cloak of the Thief {+Fog Slay-2 SInv Stlth+}
rCorr    .         Harm     +   A - +3 pair of gauntlets of War {Slay+5}
MR       +....                  h - +2 pair of boots {run}
Stlth    ++........             m - amulet of harm
HPRegen  0.33/turn              F - ring of Oenomania {+Fly rPois Int+4 Dex-2}
MPRegen  0.19/turn              B - +6 ring of evasion

@: agile, heroism, flying, held, quick
A: antennae 3, thin skeletal structure 2, foul stench 1, powered by pain 3,
augmentation 2, rot immunity
a: Heroism, Finesse, Renounce Religion, Evoke Fog, Stop Flying


You were on level 3 of the Shoals.
You worshipped Okawaru.
Okawaru was exalted by your worship.
You were hungry.

You visited 6 branches of the dungeon, and saw 31 of its levels.
You also visited: Sewer and Ice Cave.

You collected 3332 gold pieces.
You spent 2016 gold pieces at shops.

Inventory:

Hand Weapons
 a - a +5 great sword of freezing (weapon)
   (You took it off a wight on level 6 of the Dungeon)
 b - the +9 heavy crossbow "Sniper" {velocity, Acc+∞ SInv}
   (You found it on level 11 of the Dungeon)

   Any bolt fired from it inflicts extra damage.
   It lets you see invisible.
 e - the +4 hand crossbow "Widowermaker" {venom, rElec Int+3 Dex+4 SInv}
   (You found it on level 1 of the Snake Pit)

   It poisons the ammo it fires.
   It affects your intelligence (+3).
   It affects your dexterity (+4).
   It insulates you from electricity.
   It lets you see invisible.
Missiles
 d - 4 tomahawks of returning
 E - 425 bolts
 Q - 27 javelins
 Z - 2 throwing nets
Armour
 h - a +2 pair of boots of running (worn)
   (Okawaru gifted it to you on level 13 of the Dungeon)
 p - a +0 pair of gloves of strength
   (Okawaru gifted it to you on level 2 of the Shoals)
 x - a scarf of resistance
   (You found it on level 2 of the Shoals)
 z - a +2 plate armour of poison resistance (worn)
   (Okawaru gifted it to you on level 2 of the Snake Pit)
 A - the +3 pair of gauntlets of War (worn) {Slay+5}
   (You bought it in a shop on level 2 of the Orcish Mines)

   It affects your accuracy and damage with ranged weapons and melee attacks
   (+5).
 C - the +2 cloak of the Thief (worn) {+Fog Slay-2 SInv Stlth+}
   (You bought it in a shop on level 2 of the Orcish Mines)

   It affects your accuracy and damage with ranged weapons and melee attacks
   (-2).
   It lets you see invisible.
   It makes you more stealthy.
Jewellery
 f - an uncursed ring of protection from fire
 m - an amulet of harm (around neck)
 o - an uncursed amulet of guardian spirit
 B - a +6 ring of evasion (right hand)
 D - an uncursed ring of protection from cold
 F - the ring of Oenomania (left hand) {+Fly rPois Int+4 Dex-2}
   (You bought it in a shop on level 2 of the Orcish Mines)

   [ring of flight]

   It affects your intelligence (+4).
   It affects your dexterity (-2).
   It protects you from poison.
   It lets you fly.
Wands
 g - a wand of iceblast (19)
 v - a wand of disintegration (4)
 G - a wand of paralysis (9)
 I - a wand of digging (30)
 J - a wand of flame (52)
 R - a wand of polymorph (13)
Scrolls
 i - 22 scrolls of teleportation {!r}
 t - 7 scrolls of remove curse
 y - a scroll of blinking
 N - 14 scrolls of identify
 P - 4 scrolls of fog
Potions
 j - 3 potions of haste {!q}
 k - a potion of invisibility {!q}
 l - 2 potions of agility {!q}
 q - 5 potions of berserk rage
 r - 10 potions of curing
 s - 2 potions of resistance {!q}
 u - 9 potions of flight
 w - 5 potions of cancellation {!q}
 H - a potion of magic {!q}
 M - 6 potions of might {!q}
Comestibles
 c - 8 chunks of flesh
 n - 58 rations


   Skills:
 + Level 13.0(18.0) Fighting
 + Level 18.3(23.3) Long Blades
 - Level 1.7(6.7) Crossbows
 + Level 15.3(20.3) Armour
 - Level 10.0(15.0) Dodging
 - Level 1.7(6.7) Stealth
 - Level 8.6 Invocations
 - Level 10.0 Evocations


You had 15 spell levels left.
You knew the following spells:

 Your Spells              Type           Power        Failure   Level  Hunger
A - Apportation           Tloc           #.....       86%         1    ##.....
B - Summon Butterflies    Summ           #.......     86%         1    ##.....

Your spell library contained the following spells:

 Spells                   Type           Power        Failure   Level  Hunger
 Magic Dart               Conj           #...         86%         1    ##.....
 Lightning Bolt           Conj/Air       #.........   100%        5    ######.
 Confuse                  Hex            #.......     99%         3    ####...
 Invisibility             Hex            #.......     100%        6    #######
 Mephitic Cloud           Conj/Pois/Air  #.......     99%         3    ####...
 Summon Small Mammal      Summ           #...         86%         1    ##.....
 Iskenderun's Mystic Bla  Conj           #.......     100%        4    #####..
 Summon Ice Beast         Ice/Summ       #.......     100%        4    #####..
 Call Imp                 Summ           #.......     95%         2    ###....
 Sting                    Conj/Pois      #...         86%         1    ##.....
 Sublimation of Blood     Necr           #.........   95%         2    ###....
 Tukima's Dance           Hex            #.......     99%         3    ####...
 Confusing Touch          Hex            #.....       86%         1    ##.....
 Ignite Poison            Fire/Tmut/Pois #.......     99%         3    ####...
 Call Canine Familiar     Summ           #.......     99%         3    ####...
 Metabolic Englaciation   Hex/Ice        #.........   100%        5    ######.
 Shatter                  Erth           #.........   100%        9    #######
 Static Discharge         Conj/Air       #.......     99%         3    ####...
 Alistair's Intoxication  Tmut/Pois      #.......     100%        5    ######.
 Petrify                  Tmut/Erth      #.......     100%        4    #####..
 Tornado                  Air            #.........   100%        9    #######
 Fulminant Prism          Conj/Hex       #.........   100%        4    #####..
 Dazzling Spray           Conj/Hex       #.....       99%         3    ####...
 Force Lance              Conj/Tloc      #.......     100%        4    #####..
 Searing Ray              Conj           #.....       95%         2    ###....
 Summon Lightning Spire   Summ/Air       #.......     100%        4    #####..
 Summon Guardian Golem    Hex/Summ       #.......     99%         3    ####...
 Irradiate                Conj/Tmut      #.........   100%        5    ######.
 Gell's Gravitas          Tloc           #.........   99%         3    ####...
 Yara's Violent Unravell  Hex/Tmut       #.........   100%        5    ######.
 Lesser Beckoning         Tloc           #.........   99%         3    ####...
 Ignition                 Fire           #.........   100%        8    #######


Dungeon Overview and Level Annotations

Branches:
Dungeon (15/15)            Temple (1/1) D:5            Lair (6/6) D:10
 Shoals (3/4) Lair:3        Snake (4/4) Lair:2        Slime (0/5) Lair:6
    Orc (2/2) D:12            Elf (0/3) Orc:2        Vaults (0/5) D:13
 Depths (0/5) D:15

Altars:
Ashenzari
Cheibriados
Dithmenos
Elyvilon
Fedhas
Gozag
Hepliaklqana
Kikubaaqudgha
Makhleb
Nemelex Xobeh
Okawaru
Qazlal
Ru
Sif Muna
Trog
Uskayaw
Vehumet
Wu Jian
Xom
Yredelemnul
Zin
The Shining One
Beogh

Shops:
D:7 =   D:12 [   Orc:1 *   Orc:2 =[*(   Snake:4 }=}

Annotations:
Lair:1 exclusion: 2 oklob plants
Lair:2 pUX: shafted


Innate Abilities, Weirdness & Mutations

You have a pair of large antennae on your head. (SInv)
You have a moderately thin skeletal structure. (Dex +4, Stealth+)
You may emit foul miasma when damaged in melee.
You are powered by pain.
Your magical and physical power is enhanced at high health.
You are immune to rotting.


Message History

The merfolk impaler hits you but does no damage.
Unknown command.
You struggle against the net.
The merfolk impaler barely misses you. The water nymph touches you.
The water nymph drowns you!
The merfolk impaler hits you from afar with a vampiric demon trident!
Damage: 25 (max 25) Unknown command.
You struggle against the net.
The merfolk impaler hits you from afar with a vampiric demon trident!
* * * LOW HITPOINT WARNING * * *
You focus on the pain.
You feel your power returning.
The merfolk hits you but does no damage.
The water nymph gestures at you while chanting.
The water rises up and strikes you!
* * * LOW HITPOINT WARNING * * *
Damage: 43 (max 43) Unknown command.
Unknown command.
Unknown command.
Unknown command.
Unknown command.
Unknown command.
Unknown command.
Unknown command.
Okay, then.
Unknown command.
Unknown command.
Unknown command.
Unknown command.
Unknown command.
Unknown command.
You gain the combat prowess of a mighty hero.
The merfolk impaler barely misses you.
The merfolk impaler hits you but does no damage.
The water nymph touches you. The water nymph drowns you!
* * * LOW HITPOINT WARNING * * *
The merfolk hits you from afar with a spear!
* * * LOW HITPOINT WARNING * * *
The merfolk impaler hits you but does no damage.
Damage: 23 (max 43) Unknown command.
Unknown command.
You feel better.
The merfolk impaler hits you from afar with a trident of freezing!
* * * LOW HITPOINT WARNING * * *
The merfolk impaler freezes you.
* * * LOW HITPOINT WARNING * * *
The merfolk closely misses you.
The merfolk impaler hits you from afar with a vampiric demon trident!
You die...

.PP. ..≈≈≈≈≈≈≈ #.PP
>..≈≈≈≈≈≈≈ #...P
....≈≈≈≈≈≈≈≈≈ # #..P
#....≈≈≈≈≈≈≈≈
..#..§###.....≈≈≈≈≈≈≈
≈....§§§§§§.≈≈≈≈≈≈≈≈≈
≈≈...m§§§§(≈≈≈≈≈≈≈≈≈≈
≈≈.m§mm@§§.≈≈≈≈≈≈≈≈≈≈
≈≈≈≈{m§§§§.(≈≈≈≈≈≈≈≈≈
≈≈..{mm§###..<≈≈≈≈≈≈≈
.....§§§# #....≈≈≈≈≈≈
m.............≈≈≈≈≈≈≈
m.{.......#...≈≈≈≈≈≈≈
m............≈≈≈≈≈≈≈≈
m...........≈≈≈≈≈≈≈≈≈
.≈≈≈...≈≈≈≈≈≈≈≈≈


You could see 2 merfolk impalers, 3 merfolk and a water nymph.

Vanquished Creatures
  Vashnia (Snake:2)
  Frances (Snake:2)
  Kirke (Snake:4)
  A frost giant (IceCv)
  9 nagarajas
  A fire giant (D:15)
  An orc warlord (Orc:1)
  A stone giant (D:11)
  Azrael (Snake:2)
  A merfolk javelineer (Shoals:1)
  An ettin (D:11)
  Josephine (Orc:2)
  A merfolk impaler (Shoals:1)
  Snorg (Lair:4)
  Erolcha (D:13)
  7 hydras
  13 naga warriors
  2 ogre magi
  5 vault guards (D:13)
  A catoblepas (Lair:6)
  5 centaur warriors
  4 anacondas
  A death knight (D:13)
  11 two-headed ogres
  Urug (D:10)
  An orc high priest (Orc:2)
  16 naga sharpshooters
  Nergalle (Lair:2)
  A salamander mystic (Snake:2)
  3 shock serpents
  A skeletal warrior (D:13)
  A glowing orange brain (shapeshifter) (D:11)
  5 sea snakes
  4 unseen horrors
  6 naga ritualists
  15 harpies
  A phantasmal warrior (D:13)
  4 orc knights
  4 orc sorcerers
  13 ugly things
  9 fauns
  7 salamanders
  A deep elf mage (D:13)
  7 manticores
  12 mana vipers
  5 cyclopes
  19 elephants
  6 centaur skeletons
  29 black mambas
  3 water nymphs
  A torpor snail (Lair:5)
  10 naga magi
  A centaur zombie (D:15)
  5 merfolk sirens
  2 ice statues (IceCv)
  19 guardian serpents
  5 gargoyles
  33 spiny frogs
  9 komodo dragons
  An efreet (D:14)
  2 demonic crawlers (D:14)
  2 rime drakes
  A kobold demonologist (D:11)
  A yaktaur (D:15)
  2 tengu conjurers (D:13)
  5 trolls
  2 queen bees
  14 polar bears
  2 wind drakes
  7 merfolk
  5 tyrant leeches (Lair:6)
  2 hornets
  3 slime creatures (D:13)
  7 snapping turtles
  27 blink frogs
  8 hippogriffs
  A blink frog (shapeshifter) (D:14)
  Grinder (D:4)
  A meliai zombie (D:13)
  9 dream sheep
  The ghost of ArgaWasAlreadyTaken the Chopper, an amateur GrFi of Okawaru (D:5)
  A shadow (D:15)
  5 water elementals
  8 wyverns
  4 fire elementals (Snake:2)
  A hog (Snake:4)
  2 humans (D:13)
  22 yaks
  3 hungry ghosts
  A warg (shapeshifter) (D:11)
  5 wraiths
  16 vampire mosquitoes
  3 basilisks
  2 steam dragons
  29 nagas
  7 wargs
  7 water moccasins
  15 porcupines
  A swamp drake (D:12)
  34 orc warriors
  2 ice beasts
  2 black bears
  3 sky beasts
  18 ogres
  3 phantoms
  4 eyes of draining (D:13)
  25 wolves
  A necrophage (D:14)
  21 centaurs
  12 crocodiles
  3 big kobolds
  Blork the orc (D:4)
  32 bullfrogs
  A wyvern zombie (D:11)
  3 scorpions
  3 wyvern skeletons
  54 killer bees
  9 wights
  4 howler monkeys
  An electric eel (D:14)
  8 crimson imps
  A bullfrog zombie (D:11)
  5 hounds
  A quasit (D:7)
  17 jellies
  20 orc priests
  33 orc wizards
  2 bullfrog skeletons
  5 hell rats (Lair:1)
  An iguana (D:10)
  11 worker ants
  2 killer bee zombies
  A hound zombie (D:5)
  A hound skeleton (D:4)
  A worker ant zombie (D:10)
  11 gnolls
  3 howler monkey skeletons
  3 river rats (Lair:1)
  14 adders
  2 shadow imps
  8 oozes
  An adder zombie (D:6)
  3 adder skeletons
  8 worms
  2 dart slugs
  8 leopard geckos
  107 orcs
  A ball python (Sewer)
  11 giant cockroaches
  5 goblins
  3 hobgoblins
  23 jackals
  4 quokkas
  16 bats
  8 frilled lizards
  25 kobolds
  17 rats
  23 plants
1219 creatures vanquished.

Vanquished Creatures (others)
  3 humans (Snake:4)
  A vampire mosquito (D:14)
  12 fungi
  17 plants
33 creatures vanquished.

Grand Total: 1252 creatures vanquished

Notes
Turn   | Place    | Note
-------+----------+-------------------------------------------
     0 | D:1      | Gorice the Demonspawn Wanderer began the quest for the Orb.
     0 | D:1      | Gorice set off with: a +2 falchion, a potion of curing, a potion of lignification {!q}, a +0 robe, a +0 dagger, a ration
     0 | D:1      | Reached XP level 1. HP: 16/16 MP: 1/1
   221 | D:1      | Reached skill level 3 in Long Blades
   493 | D:1      | Gained mutation: You have a pair of small antennae on your head. [demonic ancestry]
   493 | D:1      | Reached XP level 2. HP: 22/22 MP: 2/2
   755 | D:1      | Gained mutation: You have a somewhat thin skeletal structure. (Dex +2, Stealth) [demonic ancestry]
   755 | D:1      | Reached XP level 3. HP: 24/27 MP: 3/3
   971 | D:1      | Reached skill level 1 in Armour
  1360 | D:2      | Reached skill level 4 in Long Blades
  1574 | D:2      | Gained mutation: You have a pair of antennae on your head. [demonic ancestry]
  1574 | D:2      | Reached XP level 4. HP: 29/33 MP: 4/4
  2596 | D:2      | Reached skill level 2 in Armour
  2596 | D:2      | Gained mutation: You have a pair of large antennae on your head. (SInv) [demonic ancestry]
  2596 | D:2      | Reached XP level 5. HP: 19/38 MP: 5/5
  2964 | D:3      | Reached skill level 5 in Long Blades
  3525 | D:4      | Found a glowing drain.
  3530 | Sewer    | Entered a sewer
  4162 | Sewer    | Gained mutation: You sometimes gain a little power by taking damage. [demonic ancestry]
  4162 | Sewer    | Reached XP level 6. HP: 33/44 MP: 6/6
  4629 | D:4      | --+6 =of Ev - nice!
  4708 | D:4      | Reached skill level 3 in Armour
  5214 | D:4      | Reached skill level 6 in Long Blades
  5490 | D:5      | Entered Level 5 of the Dungeon
  5639 | D:5      | Noticed Grinder
  5713 | D:5      | Noticed ArgaWasAlreadyTaken's ghost (amateur GrFi)
  5779 | D:5      | HP: 12/44 [ArgaWasAlreadyTaken's ghost (16)]
  6028 | D:5      | Noticed Blork the orc
  6042 | D:4      | Paralysed by Grinder for 5 turns
  6047 | D:4      | Killed Grinder
  6047 | D:4      | Reached XP level 7. HP: 20/50 MP: 7/7
  6241 | D:4      | Killed Blork the orc
  6302 | D:5      | Reached skill level 7 in Long Blades
  6302 | D:5      | Reached skill level 4 in Armour
  6516 | D:5      | Killed ArgaWasAlreadyTaken's ghost
  6516 | D:5      | Gained mutation: You are immune to rotting. [demonic ancestry]
  6516 | D:5      | Reached XP level 8. HP: 40/56 MP: 8/8
  6533 | D:5      | Found a staircase to the Ecumenical Temple.
  6602 | Temple   | Entered the Ecumenical Temple
  6691 | Temple   | Became a worshipper of Warmaster Okawaru
  7151 | D:6      | Reached skill level 8 in Long Blades
  7154 | D:6      | HP: 14/56 [centaur/arrow (8)]
  7159 | D:6      | Reached skill level 5 in Armour
  7802 | D:6      | Reached skill level 9 in Long Blades
  7943 | D:6      | Reached * piety under Okawaru
  8040 | D:6      | Gained mutation: Your magical and physical power is slightly enhanced at high health. [demonic ancestry]
  8040 | D:6      | Reached XP level 9. HP: 43/61 MP: 9/9
  8108 | D:6      | Reached skill level 6 in Armour
  8692 | D:7      | Found Poin's Jewellery Shop.
  8748 | D:7      | Bought a cursed amulet of inaccuracy for 30 gold pieces
  8766 | D:7      | Reached skill level 10 in Long Blades
  8985 | D:7      | Reached ** piety under Okawaru
  9198 | D:8      | Noticed a two-headed ogre
  9206 | D:8      | Killed a two-headed ogre
  9206 | D:8      | Reached skill level 7 in Armour
  9247 | D:8      | Reached skill level 11 in Long Blades
  9274 | D:8      | Reached skill level 1 in Invocations
  9295 | D:8      | Gained mutation: You may emit foul miasma when damaged in melee. [demonic ancestry]
  9295 | D:8      | Reached XP level 10. HP: 46/67 MP: 9/11
  9419 | D:8      | Reached skill level 2 in Invocations
  9427 | D:8      | Reached *** piety under Okawaru
  9496 | D:8      | HP: 20/67 [poisoned by a killer bee]
  9502 | D:8      | HP: 18/67 [poisoned by a killer bee]
  9507 | D:8      | HP: 17/67 [poisoned by a killer bee]
  9514 | D:8      | HP: 17/67 [poisoned by a killer bee]
  9522 | D:8      | HP: 16/67 [poisoned by a killer bee]
  9609 | D:8      | HP: 20/67 [poisoned by a killer bee]
  9615 | D:8      | HP: 19/67 [poisoned by a killer bee]
  9621 | D:8      | HP: 18/67 [poisoned by a killer bee]
  9629 | D:8      | HP: 18/67 [poisoned by a killer bee]
  9664 | D:8      | HP: 18/67 [killer bee (6)]
  9986 | D:8      | Found a sacrificial altar of Ru.
 10117 | D:8      | Reached skill level 8 in Armour
 10499 | D:8      | Reached **** piety under Okawaru
 11053 | D:9      | HP: 16/67 [killer bee (7)]
 11060 | D:9      | HP: 20/67 [poisoned by a killer bee]
 11066 | D:8      | Reached skill level 12 in Long Blades
 11066 | D:8      | HP: 17/67 [poisoned by a killer bee]
 11074 | D:8      | HP: 16/67 [poisoned by a killer bee]
 11081 | D:8      | HP: 15/67 [poisoned by a killer bee]
 11421 | D:9      | Noticed a cyclops
 11438 | D:9      | Killed a cyclops
 11438 | D:9      | Received a gift from Okawaru
 11510 | D:9      | Noticed a two-headed ogre
 11516 | D:9      | Killed a two-headed ogre
 11629 | D:10     | Entered Level 10 of the Dungeon
 11723 | D:10     | Found a staircase to the Lair.
 11754 | D:10     | Noticed an unseen horror
 11759 | D:10     | Killed an unseen horror
 11759 | D:10     | Reached ***** piety under Okawaru
 11759 | D:10     | Reached XP level 11. HP: 63/72 MP: 12/12
 11856 | D:10     | Noticed a centaur warrior
 11871 | D:10     | Killed a centaur warrior
 11871 | D:10     | Reached skill level 9 in Armour
 11871 | D:10     | Reached skill level 3 in Invocations
 12291 | D:10     | Noticed Urug
 12302 | D:10     | Killed Urug
 12302 | D:10     | Reached skill level 13 in Long Blades
 12302 | D:10     | Reached skill level 4 in Invocations
 12403 | Lair:1   | Entered Level 1 of the Lair of Beasts
 12428 | Lair:1   | You fall through a shaft!
 12510 | Lair:1   | Received a gift from Okawaru
 12651 | Lair:1   | Reached skill level 5 in Invocations
 13101 | Lair:1   | Noticed an oklob plant
 13101 | Lair:1   | Noticed an oklob plant
 13423 | Lair:2   | Noticed Nergalle
 13442 | Lair:2   | Killed Nergalle
 13442 | Lair:2   | Reached skill level 6 in Invocations
 13631 | Lair:2   | Gained mutation: You sometimes gain power by taking damage. [demonic ancestry]
 13631 | Lair:2   | Reached XP level 12. HP: 61/78 MP: 17/17
 13647 | Lair:2   | Reached skill level 14 in Long Blades
 13651 | Lair:2   | Reached skill level 10 in Armour
 13651 | Lair:2   | Reached skill level 7 in Invocations
 13669 | Lair:2   | Reached ****** piety under Okawaru
 13669 | Lair:2   | Received a gift from Okawaru
 14021 | Lair:2   | Found a staircase to the Snake Pit.
 14459 | Lair:2   | Received a gift from Okawaru
 14843 | Lair:3   | Reached skill level 8 in Invocations
 14876 | Lair:3   | Noticed a six-headed hydra
 14890 | Lair:3   | Killed a three-headed hydra
 14924 | Lair:3   | Received a gift from Okawaru
 14927 | Lair:3   | Got a pair of jewelled gloves {god gift}
 14928 | Lair:3   | Identified the +0 pair of gloves of Trial and Error {rElec MP-9 Int+2} (Okawaru gifted it to you on level 3 of the Lair of Beasts)
 15064 | Lair:3   | Found a staircase to the Shoals.
 15130 | Lair:3   | Reached skill level 15 in Long Blades
 15190 | Lair:3   | Found the +0 mask of the Dragon {MR+ Slay+3 SInv}
 15583 | Lair:4   | Noticed a five-headed hydra
 15591 | Lair:3   | Killed a one-headed hydra
 15591 | Lair:3   | Reached skill level 3 in Fighting
 15591 | Lair:3   | Reached skill level 11 in Armour
 15978 | Lair:4   | Gained mutation: You have a moderately thin skeletal structure. (Dex +4, Stealth+) [demonic ancestry]
 15978 | Lair:4   | Reached XP level 13. HP: 79/88 MP: 19/19
 15995 | Lair:4   | Reached skill level 4 in Fighting
 16266 | Lair:4   | Reached skill level 5 in Fighting
 16276 | Lair:4   | Received a gift from Okawaru
 16472 | Lair:4   | Noticed Snorg
 16479 | Lair:4   | Killed Snorg
 17524 | Lair:4   | Reached skill level 6 in Fighting
 18696 | Lair:6   | Entered Level 6 of the Lair of Beasts
 18759 | Lair:5   | Reached skill level 12 in Armour
 19092 | Lair:6   | Found a frozen archway.
 19101 | IceCv    | Entered an ice cave
 19156 | IceCv    | Reached skill level 7 in Fighting
 20059 | IceCv    | Reached skill level 16 in Long Blades
 20285 | IceCv    | Noticed a frost giant
 20324 | IceCv    | Killed a frost giant
 20324 | IceCv    | Gained mutation: You are powered by pain. [demonic ancestry]
 20324 | IceCv    | Reached XP level 14. HP: 64/103 MP: 18/20
 20326 | IceCv    | Received a gift from Okawaru
 20342 | IceCv    | Got a steaming hand axe {god gift}
 21199 | Lair:5   | Reached skill level 8 in Fighting
 21785 | Lair:6   | Received a gift from Okawaru
 21831 | Lair:6   | Found a staircase to the Slime Pits.
 22078 | Lair:6   | Received a gift from Okawaru
 22081 | Lair:6   | Reached skill level 13 in Armour
 22229 | Lair:6   | Reached skill level 9 in Fighting
 23153 | D:11     | Noticed Psyche
 23955 | D:11     | Noticed Psyche
 23955 | D:11     | Psyche changed into Psyche the black bear
 23964 | D:11     | Killed Psyche the black bear
 24162 | D:11     | Found a runed door.
 24166 | D:11     | Noticed a stone giant
 24171 | D:11     | Killed a stone giant
 24681 | D:11     | Found the +9 heavy crossbow "Sniper" {velocity, Acc+∞ SInv}
 25295 | D:12     | Found Ecaosueg's Antique Armour Emporium.
 25327 | D:12     | Found a deep blue altar of Sif Muna.
 25339 | D:12     | Reached skill level 10 in Fighting
 25340 | D:12     | Received a gift from Okawaru
 25504 | D:12     | Found a staircase to the Orcish Mines.
 25825 | Orc:1    | Entered Level 1 of the Orcish Mines
 25854 | Orc:1    | Reached XP level 15. HP: 115/115 MP: 21/21
 25888 | Orc:2    | Entered Level 2 of the Orcish Mines
 26454 | D:13     | Reached skill level 17 in Long Blades
 26580 | D:13     | Noticed Erolcha
 26585 | D:13     | Killed Erolcha
 26705 | D:13     | Found a gate to the Vaults.
 26733 | D:13     | Identified the Guide on Virous Transmigration
 26799 | D:13     | HP: 21/117 [??? (27)]
 26804 | D:13     | HP: 28/117 [poisoned by a death knight]
 26809 | D:13     | HP: 25/117 [poisoned by a death knight]
 26814 | D:13     | HP: 25/117 [poisoned by a death knight]
 26819 | D:13     | HP: 24/117 [poisoned by a death knight]
 26824 | D:13     | HP: 24/117 [poisoned by a death knight]
 26832 | D:13     | HP: 25/117 [poisoned by a death knight]
 27217 | D:13     | Received a gift from Okawaru
 27235 | D:13     | Identified a +2 pair of boots of running (Okawaru gifted it to you on level 13 of the Dungeon)
 27235 | D:13     | --sweet!
 27274 | D:13     | Reached skill level 14 in Armour
 27645 | D:13     | HP: 31/117 [spark wasp (shapeshifter) (19)]
 28068 | D:13     | Learned a level 1 spell: Apportation
 28070 | D:13     | Learned a level 1 spell: Summon Butterflies
 28820 | Orc:1    | Found Iraul's Assorted Antiques.
 28832 | Orc:1    | Reached skill level 11 in Fighting
 28839 | Orc:1    | Paralysed by an orc sorcerer for 5 turns
 29457 | Orc:2    | Noticed Josephine
 29466 | Orc:2    | Killed Josephine
 29505 | Orc:2    | Found a staircase to the Elven Halls.
 29588 | Orc:2    | Noticed an orc warlord
 29691 | Orc:2    | HP: 23/119 [orc priest/divine providence (18)]
 30032 | Orc:1    | Killed an orc warlord
 30095 | Orc:2    | Found a roughly hewn altar of Beogh.
 30106 | Orc:2    | Found Gixe's Antique Weapon Emporium.
 30111 | Orc:2    | Found Ytioch's Antique Armour Emporium.
 30257 | Orc:2    | Found Lesk's Jewellery Emporium.
 30275 | Orc:2    | Found Nazeykh's General Store.
 30315 | Orc:2    | Bought the +3 pair of gauntlets of War {Slay+5} for 902 gold pieces
 30315 | Orc:2    | Found the +3 pair of gauntlets of War {Slay+5}
 30325 | Orc:2    | Bought the +2 cloak of the Thief {+Fog Slay-2 SInv Stlth+} for 381 gold pieces
 30325 | Orc:2    | Found the +2 cloak of the Thief {+Fog Slay-2 SInv Stlth+}
 30335 | Orc:2    | --Wow a shop with 2 of the really good armour fixedarts!
 30430 | Orc:1    | Bought a knobbly marble ring for 105 gold pieces
 30430 | Orc:1    | Bought a runed granite ring for 105 gold pieces
 30505 | Orc:2    | Bought the ring of Oenomania {+Fly rPois Int+4 Dex-2} for 493 gold pieces
 31472 | D:14     | Received a gift from Okawaru
 31652 | D:15     | Entered Level 15 of the Dungeon
 31765 | D:15     | Gained mutation: Your magical and physical power is enhanced at high health. [demonic ancestry]
 31765 | D:15     | Reached XP level 16. HP: 127/127 MP: 22/22
 31777 | D:15     | Reached skill level 12 in Fighting
 31988 | D:15     | Found a staircase to the Depths.
 33066 | Snake:1  | Entered Level 1 of the Snake Pit
 33242 | Snake:1  | Received a gift from Okawaru
 33452 | Snake:1  | Reached skill level 1 in Dodging
 33657 | Snake:1  | Identified the +4 hand crossbow "Widowermaker" {venom, rElec Int+3 Dex+4 SInv} (You found it on level 1 of the Snake Pit)
 33863 | Snake:1  | Reached skill level 2 in Evocations
 33956 | Snake:1  | Reached skill level 18 in Long Blades
 34371 | Snake:2  | Reached skill level 2 in Dodging
 34542 | Snake:2  | Reached skill level 3 in Evocations
 34876 | Snake:2  | Reached skill level 3 in Dodging
 34893 | Snake:2  | Reached skill level 4 in Evocations
 34962 | Snake:2  | Noticed Azrael
 34966 | Snake:2  | HP: 26/127 [Azrael/damnation (48)]
 34978 | Snake:2  | Killed Azrael
 34978 | Snake:2  | Received a gift from Okawaru
 34979 | Snake:2  | Reached skill level 4 in Dodging
 35259 | Snake:2  | Noticed Frances
 35263 | Snake:2  | Killed Frances
 35276 | Snake:2  | Noticed Vashnia
 35311 | Snake:2  | Received a gift from Okawaru
 35311 | Snake:2  | Reached skill level 5 in Evocations
 35913 | Snake:1  | Upgraded the game from 0.22-a0-447-gee5f723 to 0.22-a0-448-g1fb7470
 35920 | Snake:2  | Killed Vashnia
 35920 | Snake:2  | Reached skill level 5 in Dodging
 35928 | Snake:2  | Reached skill level 6 in Evocations
 36730 | Snake:3  | HP: 38/127 [guardian serpent/bolt of poison (4)]
 36793 | Snake:3  | Reached skill level 6 in Dodging
 37073 | Snake:3  | Reached skill level 7 in Evocations
 37259 | Snake:3  | Reached XP level 17. HP: 126/133 MP: 23/23
 37704 | Snake:3  | Reached skill level 7 in Dodging
 37759 | Snake:3  | Reached skill level 8 in Evocations
 38328 | Snake:4  | Entered Level 4 of the Snake Pit
 38533 | Snake:3  | Reached skill level 8 in Dodging
 38718 | Snake:4  | Received a gift from Okawaru
 38719 | Snake:4  | Got a brightly glowing arbalest {god gift}
 38723 | Snake:3  | Identified the +5 arbalest "Zonwat" {venom, Str+2 Dex+4} (Okawaru gifted it to you on level 4 of the Snake Pit)
 38943 | Snake:4  | Found Xites's Gadget Shop.
 38943 | Snake:4  | Found Vuckino's Jewellery Emporium.
 38944 | Snake:4  | Found Hyif Ebbofud's Gadget Shop.
 38999 | Snake:4  | Reached skill level 9 in Dodging
 39087 | Snake:4  | Noticed Kirke
 39113 | Snake:4  | Killed Kirke
 39902 | Snake:4  | Reached skill level 9 in Evocations
 39904 | Snake:4  | Received a gift from Okawaru
 40711 | Snake:4  | Reached skill level 10 in Dodging
 40722 | Snake:4  | HP: 37/133 [guardian serpent (3)]
 40727 | Snake:4  | HP: 23/133 [guardian serpent/bolt of poison (4)]
 40732 | Snake:4  | HP: 19/133 [poisoned by a nagaraja (poison arrow)]
 40733 | Snake:4  | HP: 7/133 [guardian serpent (12)]
 40738 | Snake:4  | HP: 11/133 [poisoned by a nagaraja (poison arrow)]
 40792 | Snake:3  | Reached skill level 10 in Evocations
 40801 | Snake:3  | HP: 31/133 [mana viper (15)]
 40806 | Snake:3  | HP: 24/133 [poisoned by a naga ritualist (toxic radiance)]
 40811 | Snake:3  | HP: 13/133 [poisoned by a naga ritualist (splash of poison)]
 40816 | Snake:3  | HP: 10/133 [poisoned by a naga ritualist (splash of poison)]
 40821 | Snake:3  | HP: 7/133 [poisoned by a naga ritualist (splash of poison)]
 40827 | Snake:3  | HP: 6/133 [poisoned by a naga ritualist (splash of poison)]
 40832 | Snake:3  | HP: 6/133 [poisoned by a naga ritualist (splash of poison)]
 40839 | Snake:3  | HP: 6/133 [poisoned by a naga ritualist (splash of poison)]
 40847 | Snake:3  | HP: 6/133 [poisoned by a naga ritualist (splash of poison)]
 41450 | Shoals:1 | Entered Level 1 of the Shoals
 41631 | Shoals:1 | Reached skill level 15 in Armour
 42053 | Shoals:1 | Reached XP level 18. HP: 142/142 MP: 25/25
 42367 | Shoals:2 | Received a gift from Okawaru
 42832 | Shoals:2 | Reached skill level 13 in Fighting
 42912 | Shoals:3 | HP: 34/143 [water nymph/the raging water (24)]
 42913 | Shoals:3 | HP: 11/143 [merfolk/spear (13)]
 42914 | Shoals:3 | HP: 3/143 [merfolk impaler/trident of freezing (4)]
 42914 | Shoals:3 | Demolished by a merfolk impaler

Vault maps used:
D:1:      tarquinn_simple_flora_water_a, lexackson_kobold_supper
D:2:      first_ration
D:4:      portal_sewer_entry_e, minmay_mini_jars
D:5:      minmay_temple_entry_overgrown, corexii_item_surrounded_by_moat,
          minivault_14, uniq_blork_the_orc, uniq_grinder
D:6:      nicolae_whirlpool
D:7:      serial_shops, shop_statue, kennysheep_decorative_pillar
D:8:      nicolae_ru_sacrificial_ziggurat, david_nohive_1
D:10:     lair_entry_dummy, uniq_urug
D:11:     kennysheep_six_static_rooms, minivault_13, uniq_psyche
D:12:     erik_orc_1, serial_shops, shop, lemuel_tele_altar
D:13:     grunt_vaults_entry_fortified, kennysheep_kite_vault, uniq_erolcha
D:14:     serial_bayou_shore_a, einodemon_crawler_minivault
D:15:     grunt_enter_depths_giant_problem, serial_park_gazebo,
          grunt_ministairs_9
Temple:   compressed_dpeg_triangle_lava_temple
Lair:1:   kennysheep_abandoned_house, infiniplex_staircase_pool_2,
          grunt_megastairs_2, minmay_lair_oklob_chamber
Lair:2:   dummy_snake_entry, grunt_megastairs_4, uniq_nergalle
Lair:3:   minmay_shoals_entry_lonely_mermaid
Lair:4:   wad_woods_structure_01, beast_lair_carwin_6, uniq_snorg
Lair:6:   minmay_lair_end_frog_pond, minmay_slime_entry_jelly_boxes,
          portal_ice_cave_entry_pillars_2, minivault_11
Shoals:3: nicolae_shoals_square_sea_wall, nicolae_shoals_this_corrosion
Snake:2:  grunt_ministairs_4, uniq_frances, uniq_vashnia, uniq_azrael
Snake:3:  grunt_ministairs_15
Snake:4:  snake_hunt, minmay_shop_grove, grunt_megastairs_3, uniq_kirke
Orc:1:    guppyfry_orc_lava_fort
Orc:2:    grunt_orc_cross, uniq_josephine
Sewer:    sewer_fruit_machine
IceCv:    ice_cave_small_giant

Skill      XL: |  1  2  3  4  5  6  7  8  9 10 11 12 13 14 15 16 17 18 |
---------------+-------------------------------------------------------+-----
Long Blades    | 3 4 5 6 7 9 11 12 13 15 16 17 18 | 18.3
Armour         | 1 2 3 4 5 7 8 9 11 12 13 14 15 | 15.3
Invocations    | 1 2 6 8 |  8.6
Fighting       | 3 7 10 11 12 13 | 13.0
Dodging        | 6 10 | 10.0
Evocations     | 7 10 | 10.0
Crossbows      | |  1.7
Stealth        | |  1.7

Action                   |  1- 3 |  4- 6 |  7- 9 | 10-12 | 13-15 | 16-18 || total
-------------------------+-------+-------+-------+-------+-------+-------++-------
Melee: Falchion          |   122 |   218 |    93 |       |       |       ||   433
       Great sword       |       |       |    97 |   438 |   796 |   318 ||  1649
       Long sword        |       |       |     4 |       |       |       ||     4
 Fire: Hunting sling     |       |    60 |   112 |   122 |       |       ||   294
       Heavy crossbow    |       |       |       |       |   259 |   325 ||   584
       Hand crossbow     |       |       |       |       |       |     1 ||     1
Throw: Stone             |    21 |    77 |       |       |       |       ||    98
       Tomahawk          |       |       |     3 |    55 |    67 |       ||   125
Invok: Heroism           |       |       |     1 |    11 |    10 |     8 ||    30
       Finesse           |       |       |       |       |       |     1 ||     1
 Abil: Evoke Fog         |       |       |       |       |       |     2 ||     2
       Evoke Flight      |       |       |       |       |       |     1 ||     1
Evoke: Wand              |       |       |       |     1 |    16 |     3 ||    20
  Use: Potion            |     1 |     2 |       |     2 |     3 |    11 ||    19
       Scroll            |     2 |    12 |     4 |     7 |     7 |     8 ||    40
 Stab: Sleeping          |     1 |     4 |       |       |       |       ||     5
       Distracted        |       |       |     1 |       |       |       ||     1
       Invisible         |       |       |       |     1 |       |       ||     1
  Eat: Chunk             |     2 |    11 |    11 |    23 |    44 |    13 ||   104
       Ration            |       |     1 |       |       |     2 |     7 ||    10
Armor: Robe              |     2 |       |       |       |       |       ||     2
       Skin              |     2 |       |       |       |       |       ||     2
       Ring mail         |    27 |    73 |       |       |       |       ||   100
       Chain mail        |       |     5 |    72 |       |       |       ||    77
       Plate armour      |       |       |       |   240 |   471 |   394 ||  1105
Dodge: Dodged            |    60 |   125 |   164 |   343 |   553 |   510 ||  1755
       Deflected         |       |     2 |    26 |     5 |    26 |       ||    59
       Rpst.: Falchion   |    21 |    39 |    14 |       |       |       ||    74
       Great sword       |       |       |    31 |   105 |   143 |    79 ||   358
       Long sword        |       |       |     1 |       |       |       ||     1

Table legend:
 A = Spawn XP
 B = Non-spawn XP
 C = Spawn XP percentage of total XP
 D = Spawn monster count
 E = Non-spawn monster count
 F = Spawn count percentage of total count
 G = Total turns spent on level
                    A         B        C        D         E        F      G
               +---------+---------+-------+---------+---------+-------+---------
         Total |       0 |  306365 |   0.0 |       0 |    1196 |   0.0 | 42914
               +---------+---------+-------+---------+---------+-------+---------
           D:1 |       0 |      71 |   0.0 |       0 |      36 |   0.0 |  1237
           D:2 |       0 |     128 |   0.0 |       0 |      23 |   0.0 |  1493
           D:3 |       0 |      97 |   0.0 |       0 |      19 |   0.0 |   662
           D:4 |       0 |     642 |   0.0 |       0 |      23 |   0.0 |  1811
           D:5 |       0 |     759 |   0.0 |       0 |      24 |   0.0 |  1080
           D:6 |       0 |    1417 |   0.0 |       0 |      39 |   0.0 |  1433
           D:7 |       0 |     932 |   0.0 |       0 |      29 |   0.0 |   574
           D:8 |       0 |    3934 |   0.0 |       0 |      58 |   0.0 |  1748
           D:9 |       0 |    2003 |   0.0 |       0 |      19 |   0.0 |   877
          D:10 |       0 |    5663 |   0.0 |       0 |      41 |   0.0 |  1096
          D:11 |       0 |   11222 |   0.0 |       0 |      52 |   0.0 |  1571
          D:12 |       0 |    3282 |   0.0 |       0 |      29 |   0.0 |  1066
          D:13 |       0 |   17924 |   0.0 |       0 |      55 |   0.0 |  2197
          D:14 |       0 |   11646 |   0.0 |       0 |      35 |   0.0 |   910
          D:15 |       0 |   18064 |   0.0 |       0 |      49 |   0.0 |  1230
        Lair:1 |       0 |    3877 |   0.0 |       0 |      38 |   0.0 |  1308
        Lair:2 |       0 |    8891 |   0.0 |       0 |      52 |   0.0 |  1518
        Lair:3 |       0 |    8454 |   0.0 |       0 |      25 |   0.0 |   989
        Lair:4 |       0 |   15019 |   0.0 |       0 |      49 |   0.0 |  1813
        Lair:5 |       0 |    8921 |   0.0 |       0 |      28 |   0.0 |  1935
        Lair:6 |       0 |   17977 |   0.0 |       0 |      78 |   0.0 |  1442
      Shoals:1 |       0 |   20973 |   0.0 |       0 |      41 |   0.0 |   791
      Shoals:2 |       0 |   13414 |   0.0 |       0 |      30 |   0.0 |   659
      Shoals:3 |       0 |     460 |   0.0 |       0 |       1 |   0.0 |    14
       Snake:1 |       0 |    5555 |   0.0 |       0 |       9 |   0.0 |  1965
       Snake:2 |       0 |   28194 |   0.0 |       0 |      36 |   0.0 |  1399
       Snake:3 |       0 |   33777 |   0.0 |       0 |      70 |   0.0 |  3515
       Snake:4 |       0 |   37835 |   0.0 |       0 |      48 |   0.0 |  1376
         Orc:1 |       0 |    5803 |   0.0 |       0 |      28 |   0.0 |  1181
         Orc:2 |       0 |    9903 |   0.0 |       0 |      69 |   0.0 |  1299
         Sewer |       0 |      89 |   0.0 |       0 |      27 |   0.0 |   791
         IceCv |       0 |    9439 |   0.0 |       0 |      36 |   0.0 |  1831
               +---------+---------+-------+---------+---------+-------+---------

Table legend:
 A = Turns spent in this place as a percentage of turns spent in the entire game.
 B = Non-inter-level travel turns spent in this place as a percentage of non-inter-level travel turns spent in the entire game.
 C = Inter-level travel turns spent in this place as a percentage of turns spent in this place.
 D = Turns resting spent in this place as a percentage of non-inter-level travel turns spent in this place.
 E = Turns spent auto-exploring this place as a percentage of non-inter-level travel turns spent in this place.
 F = Non-inter-level travel turns spent in this place divided by the number of levels of this place that you've seen.
                   A       B       C       D       E      F
               +-------+-------+-------+-------+-------+----------------------
         Total | 100.0 | 100.0 |   6.5 |  32.8 |  29.5 | 1215.4
       Dungeon |  44.2 |  44.5 |   6.1 |  28.6 |  34.0 | 1188.9
        Temple |   0.2 |   0.2 |  11.7 |   0.0 |   0.0 |  91.0
          Lair |  21.0 |  20.1 |  10.3 |  28.0 |  35.4 | 1345.7
        Shoals |   3.4 |   3.5 |   5.0 |   2.2 |  37.0 | 463.7
     Snake Pit |  19.2 |  19.6 |   4.9 |  52.2 |  19.5 | 1963.2
  Orcish Mines |   5.8 |   5.6 |   9.5 |  24.3 |  16.4 | 1122.5
         Sewer |   1.8 |   2.0 |   0.0 |  11.3 |  27.7 | 791.0
      Ice Cave |   4.3 |   4.6 |   0.0 |  56.1 |  14.4 | 1831.0
               +-------+-------+-------+-------+-------+----------------------

Vault maps used:
D:1:      tarquinn_simple_flora_water_a, lexackson_kobold_supper
D:2:      first_ration
D:4:      portal_sewer_entry_e, minmay_mini_jars
D:5:      minmay_temple_entry_overgrown, corexii_item_surrounded_by_moat,
          minivault_14, uniq_blork_the_orc, uniq_grinder
D:6:      nicolae_whirlpool
D:7:      serial_shops, shop_statue, kennysheep_decorative_pillar
D:8:      nicolae_ru_sacrificial_ziggurat, david_nohive_1
D:10:     lair_entry_dummy, uniq_urug
D:11:     kennysheep_six_static_rooms, minivault_13, uniq_psyche
D:12:     erik_orc_1, serial_shops, shop, lemuel_tele_altar
D:13:     grunt_vaults_entry_fortified, kennysheep_kite_vault, uniq_erolcha
D:14:     serial_bayou_shore_a, einodemon_crawler_minivault
D:15:     grunt_enter_depths_giant_problem, serial_park_gazebo,
          grunt_ministairs_9
Temple:   compressed_dpeg_triangle_lava_temple
Lair:1:   kennysheep_abandoned_house, infiniplex_staircase_pool_2,
          grunt_megastairs_2, minmay_lair_oklob_chamber
Lair:2:   dummy_snake_entry, grunt_megastairs_4, uniq_nergalle
Lair:3:   minmay_shoals_entry_lonely_mermaid
Lair:4:   wad_woods_structure_01, beast_lair_carwin_6, uniq_snorg
Lair:6:   minmay_lair_end_frog_pond, minmay_slime_entry_jelly_boxes,
          portal_ice_cave_entry_pillars_2, minivault_11
Shoals:3: nicolae_shoals_square_sea_wall, nicolae_shoals_this_corrosion
Snake:2:  grunt_ministairs_4, uniq_frances, uniq_vashnia, uniq_azrael
Snake:3:  grunt_ministairs_15
Snake:4:  snake_hunt, minmay_shop_grove, grunt_megastairs_3, uniq_kirke
Orc:1:    guppyfry_orc_lava_fort
Orc:2:    grunt_orc_cross, uniq_josephine
Sewer:    sewer_fruit_machine
IceCv:    ice_cave_small_giant
